 Dungeon Crawl Stone Soup version 0.28.0-47-ge53b351184 (webtiles) character file.

Game seed: 17717768611298304705

208 pkoi the Stinger (level 5, -5/39 HPs)
             Began as a Demigod Venom Mage on May 8, 2022.
             Killed from afar by an orc wizard (7 damage)
             ... with a magic dart
             ... on level 4 of the Dungeon.
             The game lasted 00:04:51 (4618 turns).

pkoi the Stinger (Demigod Venom Mage)               Turns: 4618, Time: 00:04:51

Health: -5/39      AC:  3    Str:  9    XL:     5   Next: 29%
Magic:  7/11       EV: 12    Int: 21    God:
Gold:   44         SH:  0    Dex: 14    Spells: 3/9 levels left

rFire   . . .      SeeInvis .   b - +2 spear (vorpal)
rCold   . . .      Faith    .   (no shield)
rNeg    . . .      Spirit   .   a - +1 robe
rPois   .          Reflect  .   (no helmet)
rElec   .          Harm     .   (no cloak)
rCorr   .          Rampage  .   (no gloves)
Will    .....                   (no boots)
Stlth   +.........              (no amulet)
HPRegen 0.13/turn               (no ring)
MPRegen 0.12/turn               (no ring)

@: confused
A: high MP 1, forlorn, divine attributes
a: no special abilities


You were on level 4 of the Dungeon.
You visited 1 branch of the dungeon, and saw 4 of its levels.

You collected 119 gold pieces.
You spent 75 gold pieces at shops.

Inventory:

Hand Weapons
 b - a +2 vorpal spear (weapon)
 h - a +0 dagger
Armour
 a - a +1 robe (worn)
Jewellery
 c - a ring of ice
 i - a ring of positive energy
Scrolls
 f - a scroll of blinking
 g - a scroll of identify {unknown}
 j - a scroll of enchant armour
 k - 3 scrolls of teleportation
Potions
 d - a potion of degeneration {unknown}
 e - 2 potions of lignification {unknown}
 l - a potion of resistance
 m - 2 potions of mutation {unknown}


   Skills:
 + Level 0.8 Fighting
 + Level 1.0 Polearms
 + Level 0.9 Armour
 + Level 2.1 Dodging
 - Level 1.7 Stealth
 + Level 2.7 Spellcasting
 + Level 1.0 Conjurations
 + Level 2.3 Transmutations
 + Level 1.1 Air Magic
 + Level 3.4 Poison Magic


You had 3 spell levels left.
You knew the following spells:

 Your Spells              Type           Power      Damage    Failure   Level
a - Sting                 Tmut/Pois      56%        1d5       4%          1
b - Poisonous Vapours     Pois/Air       24%        N/A       9%          2
c - Mephitic Cloud        Conj/Pois/Air  10%        N/A       19%         3

Your spell library contained the following spells:

 Spells                   Type           Power      Damage    Failure   Level
 Slow                     Hex            8%         N/A       14%         1
 Ensorcelled Hibernation  Hex/Ice        4%         N/A       21%         2
 Ozocubu's Armour         Ice            2%         N/A       38%         3
 Olgreb's Toxic Radiance  Pois           17%        N/A       34%         4
 Summon Mana Viper        Hex/Summ       2%         N/A       98%         5
 Ozocubu's Refrigeration  Ice            1%         4d5       100%        7


Dungeon Overview and Level Annotations

Branches:
Dungeon (4/15)
 Temple: D:4-7

Shops:
D:3 (*:


Innate Abilities, Weirdness & Mutations

You have an increased reservoir of magic. (+10% MP)
You shall have no god before yourself.
Your divine heritage dramatically boosts your attributes as you level up.


Message History

Something writhes in agony.
Reactivating autopickup.
You feel a bit more experienced.
You kill the orc!
Your Polearms skill increases to level 1!
The orc wizard points at you and mumbles some strange words.
The puff of flame hits you.
* * * LOW HITPOINT WARNING * * *
The orc priest miscasts a cantrip.
The orc priest casts a cantrip, but nothing happens.
Aiming: Sting (safe; 4% risk of failure)
Press: ? - help, Q - select action, (/) - cycle Shift-Dir - straight line, f - you That beam is likely to hit you.
Continue anyway?
Okay, then.
Unknown command.
Aiming: Sting (safe; 4% risk of failure)
Press: ? - help, Q - select action, (/) - cycle Shift-Dir - straight line, f - orc wizard
Aim: an orc wizard, wielding a +0 dagger and wearing a +0 robe (64% to hit)
The sting hits the orc wizard.
The orc wizard is poisoned.
The orc wizard is moderately wounded.
The orc wizard points at you and mumbles some strange words.
You are confused.
You're too confused to cast spells.
You're too confused to cast spells.
Unknown command.
The orc wizard points at you and mumbles some strange words.
The puff of flame hits you!
* * * LOW HITPOINT WARNING * * *
The orc wizard points at you and mumbles some strange words.
The magic dart hits you.
* * * LOW HITPOINT WARNING * * *
The orc priest looks encouraged for a moment.
You bump into the rock wall.
The orc wizard points at you and mumbles some strange words.
The magic dart hits you!
* * * LOW HITPOINT WARNING * * *
You bump into the rock wall.
The orc wizard gestures at you while chanting.
The magic dart hits you!
You die...

### #.# ..# # #.# #.# # #.# #.#
## #.#### #.# .## #....# #.# .
..## ####.# ###.### .. ...#
##).## #####.....# ...
....####...)#######.........#[...
....+...........@ooo.)......'....
....####....#######..<).....#....
...## ##.#.# #####.....##... ..##
###.# #.##### #.. .## #.# .... #.
## #.# #.#.## # #.# #.#.# #.# #
#.# #.# #..


You could see an orc priest, an orc wizard (poisoned) and an orc.

Vanquished Creatures
  A scorpion (D:3)
  An orc wizard (D:4)
  Robin (D:3)
  3 adders
  An ufetubus (D:3)
  2 worms
  A dart slug (D:2)
  2 orcs
  5 bats
  8 endoplasms
  3 giant cockroaches
  14 goblins
  5 hobgoblins
  2 jackals (D:1)
  6 kobolds
  A quokka (D:2)
  7 ball pythons
  4 frilled lizards
67 creatures vanquished.

Notes
Turn   | Place    | Note
-------+----------+-------------------------------------------
     0 | D:1      | pkoi the Demigod Venom Mage began the quest for the Orb.
     0 | D:1      | Reached XP level 1. HP: 14/14 MP: 5/5
    36 | D:1      | Reached skill level 1 in Transmutations
   770 | D:1      | Reached XP level 2. HP: 18/20 MP: 2/7
   792 | D:1      | Reached skill level 3 in Poison Magic
  1559 | D:2      | Reached XP level 3. HP: 26/26 MP: 2/9
  1721 | D:2      | Learned a level 2 spell: Poisonous Vapours
  1752 | D:2      | Learned a level 3 spell: Mephitic Cloud
  2476 | D:2      | Got the Reference Book on Enchantment
  2918 | D:3      | Found Huyjud's Book Shoppe.
  3078 | D:3      | Reached XP level 4. HP: 32/33 MP: 4/10
  3233 | D:3      | Noticed Robin
  3243 | D:3      | Killed Robin
  3616 | D:3      | Found Dylafuax's General Store.
  3631 | D:3      | Bought a scroll of blinking for 75 gold pieces
  3755 | D:3      | Reached skill level 1 in Air Magic
  3755 | D:3      | Reached XP level 5. HP: 24/39 MP: 1/11
  4181 | D:3      | Found Pufoz's Weapon Emporium.
  4244 | D:3      | Reached skill level 1 in Conjurations
  4607 | D:4      | Reached skill level 1 in Polearms
  4618 | D:4      | Killed from afar by an orc wizard

Illustrated notes

Levels and vault maps discovered:
D:1:      saegor_arrival_simple_b, layout_basic,
          shapermc_ecumenical_altar_hornbeckon
D:2:      layout_loops_ring, st_stairs_8, columned_hall_lemuel, minmay_bisected
D:3:      layout_basic, serial_shops, nicolae_shop_behind_doors, shop,
          nicolae_square_shop, grunt_decor_clamped, grunt_decor_junction,
          uniq_robin
D:4:      minmay_bubble_buster, layout_loops_corners,
          lemuel_zombie_altar_yredelemnul, mainiacjoe_overflow_alcove_2,
          minmay_temple_entry_statues_pillars

Skill      XL: |  1  2  3  4  5 |
---------------+----------------+-----
Transmutations | 1 2 |  2.3
Spellcasting   | 2 |  2.7
Poison Magic   | 3 |  3.4
Dodging        | 2 |  2.1
Air Magic      | 1 |  1.1
Conjurations   | 1 |  1.0
Polearms       | 1 |  1.0
Fighting       | |  0.8
Armour         | |  0.9
Stealth        | |  1.7

Action                   |  1- 3 |  4- 6 || total
-------------------------+-------+-------++-------
Melee: Unarmed           |    22 |       ||    22
       Spear             |    30 |    11 ||    41
       Punch             |     1 |       ||     1
 Cast: Sting             |    92 |    38 ||   130
  Use: Scroll            |     6 |       ||     6
       Potion            |     6 |       ||     6
 Stab: Sleeping          |     3 |       ||     3
Armor: Robe              |    19 |     7 ||    26
Dodge: Dodged            |    58 |    20 ||    78
